 Dungeon Crawl Stone Soup version 0.30-a0-187-gd9c2deaf24 (webtiles) character file.

Game seed: 16949399621268796096

100 Flugkiller the Sneak (level 4, -2/35 HPs)
             Began as a Mummy Delver on Oct 3, 2022.
             Was an Initiate of Gozag.
             Killed from afar by Natasha (12 damage)
             ... with a bolt of light
             ... on level 3 of the Dungeon.
             The game lasted 00:02:18 (1737 turns).

Flugkiller the Sneak (Mummy Delver)                 Turns: 1737, Time: 00:02:18

Health: -2/35      AC:  8    Str: 15    XL:     4   Next: 46%
Magic:  4/4        EV: 12    Int:  9    God:    Gozag
Gold:   42         SH:  0    Dex: 15    Spells: 3/3 levels left

rFire   . . .      SeeInvis .    a - +0 falchion
rCold   + + .      Faith    +    (no shield)
rNeg    + + +      Spirit   .    b - +0 leather armour
rPois   ∞          Reflect  .    (no helmet)
rElec   .          Harm     .    o - scarf {rC+ rF+}
rCorr   .          Rampage  .    l - +0 pair of gloves
Will    .....                    (no boots)
Stlth   +.........               (no amulet)
HPRegen 0.25/turn                p - +4 ring of protection
MPRegen 0.09/turn                (no ring)

@: confused
A: cold resistance 1, negative energy resistance 3, torment resistance 2, heat
vulnerability 1, in touch with death 1, no potions, faith
a: Renounce Religion, Potion Petition, Call Merchant, Bribe Branch


You were on level 3 of the Dungeon.
You worshipped Gozag.
Gozag was noncommittal.
You visited 1 branch of the dungeon, and saw 5 of its levels.

You collected 130 gold pieces.
You spent 88 gold pieces at shops.

Inventory:

Hand Weapons
 a - a +0 falchion (weapon)
Missiles
 k - 6 boomerangs (quivered)
Armour
 b - a +0 leather armour (worn)
 l - a +0 pair of gloves (worn)
   (You found it on level 2 of the Dungeon)
 o - a scarf of resistance (worn)
   (You found it on level 2 of the Dungeon)
Jewellery
 i - a ring of ice
   (You found it on level 1 of the Dungeon)
 p - a +4 ring of protection (left hand)
   (You found it on level 2 of the Dungeon)
Wands
 f - a wand of digging (3)
 q - a wand of paralysis (6)
   (You found it on level 2 of the Dungeon)
Scrolls
 c - 3 scrolls of fog
 d - 4 scrolls of enchant armour
 e - a scroll of blinking {unknown}
 g - a scroll of immolation {unknown}
 h - a scroll of brand weapon {unknown}
 j - a scroll of enchant weapon {unknown}
 m - a scroll of amnesia
 n - a scroll of noise {unknown}
 t - 2 scrolls of teleportation


   Skills:
 + Level 3.5 Fighting
 * Level 2.7 Long Blades
 * Level 2.7 Dodging
 - Level 4.1 Stealth


You had 3 spell levels left.
You didn't know any spells.
Your spell library contained the following spells:

 Spells                   Type           Power      Damage    Failure   Level
 Foxfire                  Conj/Fire      0%         2x1d4     45%         1


Dungeon Overview and Level Annotations

Branches:
Dungeon (5/15) Zot: 25551
 Temple: D:4-7

Altars:
Dithmenos
Gozag

Shops:
D:3 *

Annotations:
D:3 Natasha, Terence


Innate Abilities, Weirdness & Mutations

You are immune to poison.
Your flesh is cold resistant. (rC+)
You are immune to negative energy. (rN+++)
You are immune to unholy pain and torment.
You are vulnerable to heat. (rF-)
You are in touch with the powers of death.
You do not drink.
You have a special connection with the divine. (Faith)


Message History

Natasha is moderately wounded.
Natasha claws you.
You slash Natasha!
Natasha is almost dead.
Natasha closely misses you.
Natasha casts a spell.
You slash Natasha!
You kill Natasha!
Natasha screams in pain as she dies!
The crimson imp disappears in a puff of smoke!
No target in view!
No target in view!
No target in view!
No target in view!
No target in view!
No target in view!
No target in view!
No target in view!
No target in view!
You now have 102 gold pieces (gained 6).
g - 2 scrolls labelled PEMYARO KUUG (gained 1) HP restored.
You now have 112 gold pieces (gained 10).
You open the door.
Found a stone staircase leading down.
There is an open door here.
You open the door.
Found Kist's Assorted Antiques.
There is an open door here.
A bat comes into view.
A bat is nearby!
Found a purple potion.
The bat barely misses you. The bat hits you but does no damage.
Found 6 gold pieces.
Found a stone staircase leading down.
The bat barely misses you.
You hit the bat.
You kill the bat!
No target in view!
No target in view!
No target in view!
No target in view!
No target in view!
You now have 118 gold pieces (gained 6).
You now have 124 gold pieces (gained 6).
There is an entrance to Kist's Assorted Antiques here.
You can access your shopping list by pressing '$'.
d - 4 scrolls labelled AMIMAO INARIE (gained 3)
m - 2 scrolls labelled UMI TULUDALAE (gained 1) Thank you for shopping at Kist's Assorted Antiques!
You can access your shopping list by pressing '$'.
As you read the scroll labelled MOHIAKKUUGH, it crumbles to dust.
It is a scroll of identify.
d - 4 scrolls of enchant armour;
r - a scroll of identify
l - a +0 pair of gloves (worn)
As you read the scroll of identify, it crumbles to dust.
g - 2 scrolls of teleportation;
t - 2 scrolls of teleportation
As you read the scroll labelled UMI TULUDALAE, it crumbles to dust.
It is a scroll of amnesia.
You feel forgetful for a moment.
Terence the Incautious comes into view.
He is wielding a +1 vorpal trident.
Terence is nearby!
Terence is nearby!
There is an open door here.
You open the door. As you open the door, it creaks loudly!
There is an open door here.
You now have 42 gold pieces (gained 6).
Found a stone staircase leading up.
g - a scroll labelled GIAGUL SEUZAM Natasha, Servant of Life and Death comes into view.
She is carrying a wand of light (8).
There is a stone staircase leading up here.
You hit Natasha.
Natasha is moderately wounded.
Natasha claws you.
You hit Natasha.
Natasha is moderately wounded.
Natasha casts a spell at you. The magic dart hits you!
You hit Natasha but do no damage.
Natasha is moderately wounded.
Natasha claws you.
You miss Natasha.
Natasha is moderately wounded.
Natasha zaps a wand.
The bolt of light hits you!
You are confused.
* * * LOW HITPOINT WARNING * * *
Natasha zaps a wand.
The bolt of light misses you.
You are too confused!
Unknown command.
You are too confused!
Unknown command.
You can't drink.
Unknown command.
You closely miss Natasha.
Natasha is moderately wounded.
Natasha zaps a wand.
The bolt of light hits you!
You are more confused.
You die...
Your body crumbles into a pile of gold.

+..... #.#######
##'##### #.....
#... #.# #.....#
###.. #.# $
#.########.# $
########..........#
#......###..#######
#......# #..#####
##
#....h.###......#
#.
#.....@....####.#
##. ##'#'####### #.
###.. #
...#.@##....
...'.>...##.
###########. #. #.
##


You could see Natasha.

Vanquished Creatures
  Natasha (D:3)
  3 adders (D:2)
  3 dart slugs
  An orc (D:4)
  4 endoplasms
  A giant cockroach (D:2)
  6 goblins
  A hobgoblin (D:3)
  2 jackals (D:1)
  2 kobolds
  3 quokkas
  7 ball pythons
  4 bats
  3 frilled lizards (D:2)
  2 rats
43 creatures vanquished.

Notes
Turn   | Place    | Note
-------+----------+-------------------------------------------
     0 | D:5      | Flugkiller the Mummy Delver began the quest for the Orb.
     0 | D:5      | Reached XP level 1. HP: 18/18 MP: 1/1
    22 | D:5      | Noticed a hound
    47 | D:5      | Noticed a scorpion
    85 | D:4      | Noticed an iguana
    87 | D:4      | Noticed an ogre
   176 | D:3      | Found Hopil's Weapon Shop.
   330 | D:1      | Reached XP level 2. HP: 24/24 MP: 2/2
   905 | D:2      | Gained mutation: You are in touch with the powers of death.
                  | [Mummy growth]
   905 | D:2      | Reached XP level 3. HP: 29/29 MP: 3/3
   908 | D:2      | Found a shadowy altar of Dithmenos.
  1264 | D:2      | Found a faded altar of an unknown god.
  1286 | D:2      | Got Plato's Almanac of Free Expression
  1287 | D:2      | Prayed at the altar of an unknown god.
  1287 | D:2      | Became a worshipper of Gozag Ym Sagoz the Greedy
  1535 | D:2      | Reached XP level 4. HP: 28/35 MP: 4/4
  1601 | D:3      | Noticed Natasha
  1611 | D:3      | Killed Natasha
  1647 | D:3      | Found Kist's Assorted Antiques.
  1668 | D:3      | Bought 3 scrolls labelled AMIMAO INARIE for 66 gold pieces
  1668 | D:3      | Bought a scroll labelled UMI TULUDALAE for 22 gold pieces
  1680 | D:3      | Noticed Terence
  1730 | D:3      | Noticed Natasha
  1737 | D:3      | Killed from afar by Natasha

Illustrated notes

Levels and vault maps discovered:
D:1:      mushboom_english_gardens, layout_rooms, minmay_tetromino_o2
D:2:      layout_loops_ring, shapermc_ecumenical_altar_rom_forum, basic_altar,
          minmay_indecisive_spiral
D:3:      layout_basic, serial_shops, nicolae_lakefront_shop,
          nicolae_shop_bloodbath_and_beyond, shop_fountains, shop,
          kennysheep_nub, minmay_statues_item, uniq_natasha, uniq_terence
D:4:      layout_basic, lemuel_doored_altar
D:5:      layout_cave_pools, dk_xom_monty_hall, nzn_wu_jian_council_hall,
          minmay_temple_entry_tees, serial_gnoll_camp, gnoll_camp_mini_basic,
          grums_kennel, gnoll_camp_mini_basic, gnoll_camp_mini_hut,
          gnoll_camp_mini_doghouse

Skill      XL: |  1  2 |
---------------+-------+-----
Long Blades    | 2 |  2.7
Dodging        | 2 |  2.7
Fighting       | |  3.5
Stealth        | |  4.1

Action                   |  1- 3 |  4- 6 || total
-------------------------+-------+-------++-------
Melee: Falchion          |   162 |    14 ||   176
  Use: Scroll            |     2 |     3 ||     5
 Stab: Sleeping          |    11 |     1 ||    12
Armor: Leather armour    |    52 |     4 ||    56
Dodge: Dodged            |   116 |     5 ||   121

Table legend: (Time is in decaauts)
 A = Elapsed time spent in this place.
 B = Non-inter-level travel time spent in this place.
 C = Inter-level travel time spent in this place.
 D = Time resting spent in this place.
 E = Time spent auto-exploring this place.
 F = Levels seen in this place.
 G = Mean time per level.
                   A        B        C        D        E       F      G
               +--------+--------+--------+--------+--------+-----+--------+
         Total |   1770 |   1688 |     82 |    206 |    918 |   5 |  354.0 |
       Dungeon |   1770 |   1688 |     82 |    206 |    918 |   5 |  354.0 |
               +--------+--------+--------+--------+--------+-----+--------+

Top non-repeatable levels by time:
     D:2: 800 daAuts
     D:1: 499 daAuts
     D:3: 291 daAuts
     D:4: 122 daAuts
     D:5: 56 daAuts
